 Dungeon Crawl Stone Soup version 0.20.1-1-g8b1a95d (webtiles) character file.

854 equalderp2856 the Chopper (level 7, -3/61 HPs)
             Began as a Minotaur Fighter on Sept 6, 2017.
             Slain by a wight
             ... wielding a +1 morningstar
              (7 damage)
             ... on level 6 of the Dungeon.
             The game lasted 00:05:54 (3436 turns).

equalderp2856 the Chopper (Minotaur Fighter)        Turns: 3436, Time: 00:05:54

Health: -3/61      AC:  8    Str: 21    XL:     7   Next: 70%
Magic:  6/6        EV:  7    Int:  5    God:
Gold:   327        SH:  9    Dex: 11    Spells: 6/6 levels left

rFire    . . .     SeeInvis .   a - +1 war axe
rCold    . . .     Gourm    .   c - +0 shield
rNeg     . . .     Faith    .   b - +0 scale mail
rPois    .         Spirit   .   (helmet restricted)
rElec    .         Reflect  .   (no cloak)
rCorr    .         Harm     .   w - +0 pair of gloves
MR       .....                  (no boots)
Stlth    ..........             (no amulet)
Regen    0.2/turn               (no ring)
MPRegen  0.1/turn               (no ring)

@: heavily drained
A: retaliatory headbutt, horns 2
a: no special abilities


You were on level 6 of the Dungeon.
You were not hungry.

You visited 1 branch of the dungeon, and saw 6 of its levels.

You collected 327 gold pieces.

Inventory:

Hand Weapons
 a - a +1 war axe (weapon)
Armour
 b - a +0 scale mail (worn)
 c - a +0 shield (worn)
 w - a +0 pair of gloves (worn)
 B - a +0 pair of gloves
Jewellery
 g - an uncursed ring of flight {unknown}
 A - an uncursed amulet of magic regeneration {unknown}
Wands
 C - a wand of random effects (28/48)
Scrolls
 e - a scroll of noise {unknown}
 h - 4 scrolls of identify
 q - 3 scrolls of magic mapping
 t - 4 scrolls of remove curse
 u - 4 scrolls of teleportation
 y - a scroll of recharging {unknown}
Potions
 d - 2 potions of might
 i - a potion of mutation
 j - 2 potions of agility {unknown}
 k - 2 potions of haste {unknown}
 l - a potion of resistance {unknown}
 m - a potion of flight {unknown}
 n - 3 potions of curing {unknown}
 p - a potion of brilliance {unknown}
 r - 2 potions of heal wounds {unknown}
 s - a potion of degeneration {unknown}
Books
 x - a book of Minor Magic

   Spells                             Type                      Level
   a - Magic Dart                     Conjuration                  1
   b - Blink                          Translocation                2
   c - Call Imp                       Summoning                    2
   d - Slow                           Hexes                        2
   e - Conjure Flame                  Conjuration/Fire             3
   f - Mephitic Cloud                 Conjuration/Poison/Air       3
Comestibles
 f - 4 bread rations
 o - 3 meat rations
 v - a royal jelly


   Skills:
 + Level 5.5(3.9) Fighting
 + Level 7.3(5.7) Axes
 + Level 5.5(3.9) Armour
 + Level 1.8(0.4) Dodging
 + Level 0.1(0.0) Stealth
 + Level 5.8(4.2) Shields


You had 6 spell levels left.
You didn't know any spells.

Dungeon Overview and Level Annotations

Branches:
Dungeon (6/15)
 Temple: D:4-7

Altars:
Cheibriados
Elyvilon
Xom


Innate Abilities, Weirdness & Mutations

You reflexively headbutt those who attack you in melee.
You have a pair of horns on your head.


Message History

You block the centaur's attack. The wight closely misses you. x2
The wight hits you but does no damage.
The wight hits you with an enchanted scimitar!
You block the centaur's attack.
You closely miss the wight.
The wight is severely damaged.
You hit the wight. You hit the centaur. You completely miss the wight.
You block the centaur's attack. You block the wight's attack.
The wight hits you from afar with an enchanted halberd.
You feel drained. The wight hits you with a flail.
The wight closely misses you.
The centaur hits you but does no damage.
The wight hits you from afar with an enchanted halberd!
* * * LOW HITPOINT WARNING * * *
You feel drained.
* * * LOW HITPOINT WARNING * * *
The wight hits you with a flail!
* * * LOW HITPOINT WARNING * * *
The wight hits you with an enchanted morningstar!
You die...

###+###+#######
.....#.........
...............
...............
.....z.........
......zc.......
.....Zz@.......
......z<.......
......#+#######
....>. .....
#####


You could see a centaur, 4 wights and a wyvern skeleton.

Vanquished Creatures
  A hippogriff (D:5)
  An ice beast (D:4)
  An ogre (D:5)
  A crimson imp (D:5)
  A hound (D:4)
  4 orc wizards (D:5)
  A bullfrog skeleton (D:4)
  2 orc priests (D:5)
  A centaur skeleton (D:5)
  2 worker ants (D:4)
  A hound zombie (D:5)
  A howler monkey skeleton (D:4)
  6 adders
  4 worms
  4 dart slugs
  2 leopard geckos
  9 orcs (D:5)
  2 ball pythons (D:1)
  2 giant cockroaches
  2 goblins (D:2)
  5 hobgoblins
  11 jackals
  5 bats
  5 frilled lizards
  5 kobolds
  A leopard gecko zombie (D:5)
  4 rats
84 creatures vanquished.

Vanquished Creatures (others)
  A goblin (D:2)
1 creature vanquished.

Grand Total: 85 creatures vanquished

Notes
Turn   | Place    | Note
-------+----------+-------------------------------------------
     0 | D:1      | equalderp2856 the Minotaur Fighter began the quest for the Orb.
     0 | D:1      | Reached XP level 1. HP: 19/19 MP: 0/0
    30 | D:1      | Found a shimmering altar of Xom.
   267 | D:1      | Reached XP level 2. HP: 26/27 MP: 1/1
   515 | D:2      | Reached XP level 3. HP: 30/33 MP: 2/2
   698 | D:2      | Reached skill level 3 in Axes
   840 | D:2      | Found a white marble altar of Elyvilon.
   968 | D:2      | Reached XP level 4. HP: 36/40 MP: 3/3
  2261 | D:4      | Noticed an ice beast
  2266 | D:4      | Killed an ice beast
  2266 | D:4      | Reached skill level 4 in Axes
  2266 | D:4      | Reached skill level 5 in Shields
  2266 | D:4      | Reached XP level 5. HP: 47/47 MP: 4/4
  2359 | D:4      | Reached XP level 6. HP: 38/53 MP: 5/5
  2429 | D:4      | Reached skill level 5 in Armour
  2541 | D:4      | Found a snail-covered altar of Cheibriados.
  2546 | D:4      | Reached skill level 5 in Axes
  2691 | D:5      | Entered Level 5 of the Dungeon
  2702 | D:5      | Noticed a hippogriff
  2707 | D:5      | Killed a hippogriff
  2707 | D:5      | Reached skill level 5 in Fighting
  2707 | D:5      | Reached skill level 6 in Axes
  2707 | D:5      | Reached skill level 1 in Dodging
  2714 | D:5      | Reached XP level 7. HP: 55/61 MP: 6/6
  2912 | D:5      | Reached skill level 7 in Axes
  3436 | D:6      | Slain by a wight

Skill      XL: |  1  2  3  4  5  6  7 |
---------------+----------------------+-----
Armour         | 4 5 |  5.5
Shields        | 4 5 |  5.8
Axes           | 3 4 6 7 |  7.3
Fighting       | 4 5 |  5.5
Dodging        | 1 |  1.8
Stealth        | |  0.1

Action                   |  1- 3 |  4- 6 |  7- 9 || total
-------------------------+-------+-------+-------++-------
Melee: War axe           |    84 |    93 |    55 ||   232
       Headbutt          |     6 |    18 |    14 ||    38
  Use: Scroll            |       |     6 |       ||     6
  Eat: Chunk             |       |     6 |     2 ||     8
Armor: Scale mail        |    45 |    40 |    30 ||   115
Dodge: Dodged            |    24 |    40 |    19 ||    83
Block: Shield            |    52 |    53 |    44 ||   149
